 Dungeon Crawl Stone Soup version 0.21.1-1-g345015f (webtiles) character file.

708 teukkam the Fighter (level 7, -7/63 HPs)
             Began as a Gnoll Wanderer on Feb 6, 2018.
             Splashed by Pikel's acid (17 damage)
             ... on level 4 of the Dungeon.
             The game lasted 00:24:43 (3224 turns).

teukkam the Fighter (Gnoll Wanderer)                Turns: 3224, Time: 00:24:44

Health: -7/63      AC:  5    Str: 15    XL:     7   Next: 67%
Magic:  10/10      EV:  7    Int: 16    God:
Gold:   322        SH:  0    Dex: 14    Spells: 11/11 levels left

rFire    + . .     SeeInvis .   a - +2 spear
rCold    . . .     Gourm    .   (no shield)
rNeg     . . .     Faith    .   i - +0 chain mail
rPois    .         Spirit   .   p - +0 helmet
rElec    .         Reflect  .   n - +2 cloak
rCorr    .         Harm     .   (no gloves)
MR       +....                  (no boots)
Stlth    ..........             k - amulet of regeneration
HPRegen  0.60/turn              q - ring of protection from fire
MPRegen  0.12/turn              w - ring of protection from magic

@: corroded, hasted, very quick
A: distributed training, fangs 1, strong nose
a: no special abilities


You were on level 4 of the Dungeon.
You were not hungry.

You visited 1 branch of the dungeon, and saw 5 of its levels.
You also visited: Ossuary.

You collected 322 gold pieces.

Inventory:

Hand Weapons
 a - a +2 spear (weapon)
Missiles
 d - 3 tomahawks of dispersal (quivered)
 o - 6 curare-tipped needles
 B - 4 tomahawks of returning
Armour
 i - a +0 chain mail (worn)
 n - a +2 cloak (worn)
 p - a +0 helmet (worn)
Jewellery
 k - an amulet of regeneration (around neck)
 q - a ring of protection from fire (left hand)
 w - a ring of protection from magic (right hand)
Wands
 E - a wand of polymorph (8)
Scrolls
 b - a scroll of teleportation
 e - 5 scrolls of remove curse
 g - 4 scrolls of identify
 h - 2 scrolls of magic mapping {unknown}
 j - 4 scrolls of amnesia
 m - a scroll of vulnerability {unknown}
 s - a scroll of enchant armour {unknown}
 u - a scroll of enchant weapon {unknown}
 A - a scroll of fog {unknown}
 F - a scroll of fear {unknown}
 G - a scroll of random uselessness {unknown}
Potions
 c - a potion of lignification
 l - a potion of degeneration
 t - a potion of haste
 v - 2 potions of invisibility {unknown}
 x - a potion of agility {unknown}
 z - a potion of curing
 C - a potion of flight {unknown}
 D - a potion of cancellation {unknown}
Books
 r - a book of Spatial Translocations

   Spells                             Type                      Level
   a - Blink                          Translocation                2
   b - Shroud of Golubria             Charms/Translocation         2
   c - Lesser Beckoning               Translocation                3
   d - Gell's Gravitas                Translocation                3
   e - Teleport Other                 Translocation                3
   f - Passage of Golubria            Translocation                4
 y - a book of Cantrips

   Spells                             Type                      Level
   a - Confusing Touch                Hexes                        1
   b - Animate Skeleton               Necromancy                   1
   c - Summon Small Mammal            Summoning                    1
   d - Apportation                    Translocation                1
Comestibles
 f - 5 rations
 H - 2 chunks of flesh


   Skills:
 + Level 8.9 Fighting
 + Level 2.6 Short Blades
 + Level 2.6 Long Blades
 + Level 2.6 Axes
 + Level 2.6 Maces & Flails
 + Level 5.3 Polearms
 + Level 2.6 Staves
 + Level 2.6 Slings
 + Level 2.6 Bows
 + Level 2.6 Crossbows
 + Level 2.6 Throwing
 + Level 2.6 Armour
 + Level 2.6 Dodging
 + Level 3.5 Stealth
 + Level 5.3 Shields
 + Level 3.7 Unarmed Combat
 + Level 2.6 Spellcasting
 + Level 2.1 Conjurations
 + Level 2.1 Hexes
 + Level 2.1 Charms
 + Level 2.1 Summonings
 + Level 2.1 Necromancy
 + Level 2.1 Translocations
 + Level 2.1 Transmutations
 + Level 2.1 Fire Magic
 + Level 2.1 Ice Magic
 + Level 2.1 Air Magic
 + Level 2.1 Earth Magic
 + Level 2.1 Poison Magic
 + Level 2.9 Invocations
 + Level 2.6 Evocations


You had 11 spell levels left.
You didn't know any spells.

Dungeon Overview and Level Annotations

Branches:
Dungeon (5/15)
 Temple: D:4-7

Altars:
Gozag

Shops:
D:4 [   D:5 :

Annotations:
D:4 Pikel, Sigmund


Innate Abilities, Weirdness & Mutations

Your experience applies equally to all skills.
You have very sharp teeth.
Your uncanny sense of smell can sniff out nearby items.


Message History

Aim: a slave, wearing an animal skin (moderately wounded)
You throw a tomahawk of dispersal.
The tomahawk of dispersal hits the slave.
The slave blinks!
The slave is heavily wounded.
Attack whom?
Press: ? - help, Dir - move target cursor, f - Pikel, p - slave
Aim: Pikel, wielding a whip of freezing, wearing a robe and carrying a wand of acid (6)
You reach to attack!
You hit Pikel.
Pikel is lightly wounded.
You feel yourself speed up.
Pikel zaps a wand.
The bolt of acid hits you! The acid corrodes you!
You are splashed with acid!
The acid burns!
You hit Pikel.
Pikel is lightly wounded.
You completely miss Pikel. Your bite misses Pikel.
Pikel is lightly wounded.
Pikel zaps a wand.
The bolt of acid hits you!
* * * LOW HITPOINT WARNING * * *
The acid corrodes you!
You are splashed with acid!
The acid burns!
You die...

#.........................##
#..........................#
#.............)............#
#..........................#
#.............).............#
#..........................##
#............................
#!........................###
#..p......p.@.............#
##...K......pK..........
#.........................
#....?...................#
#........................#
#.......................###
#.........................##
.............................
#####..(....................o.


You could see Pikel and 2 slaves.

Vanquished Creatures
  2 slaves (D:4)
  The ghost of Andry07 the Skirmisher, an amateur GrFi (D:4)
  3 scorpions (Ossuary)
  A centaur zombie (Ossuary)
  2 jellies (D:5)
  An orc wizard (D:4)
  3 human zombies (Ossuary)
  A big kobold zombie (Ossuary)
  3 mummies (Ossuary)
  A hound skeleton (D:5)
  5 adders
  4 scorpion zombies (Ossuary)
  2 worms (D:2)
  4 dart slugs
  6 leopard geckos
  6 orcs (D:4)
  5 bats
  4 giant cockroaches
  A gnoll zombie (Ossuary)
  5 goblins
  4 hobgoblins
  2 jackals (D:1)
  6 kobolds
  A quokka (D:2)
  6 frilled lizards
  3 goblin zombies (Ossuary)
  2 hobgoblin zombies (Ossuary)
  2 kobold zombies (Ossuary)
  An orc zombie (Ossuary)
  6 rats
93 creatures vanquished.

Vanquished Creatures (others)
  2 scorpions (Ossuary)
  A hobgoblin zombie (Ossuary)
  A kobold zombie (Ossuary)
  2 orc zombies (Ossuary)
6 creatures vanquished.

Grand Total: 99 creatures vanquished

Notes
Turn   | Place    | Note
-------+----------+-------------------------------------------
     0 | D:1      | teukkam the Gnoll Wanderer began the quest for the Orb.
     0 | D:1      | teukkam set off with: a +2 spear, a scroll of teleportation, a potion of lignification, a +0 robe, a ration
     0 | D:1      | Reached XP level 1. HP: 26/26 MP: 1/1
    53 | D:1      | Reached XP level 2. HP: 20/33 MP: 2/2
   497 | D:1      | Reached XP level 3. HP: 34/38 MP: 3/3
  1227 | D:2      | Reached skill level 1 in Invocations
  1321 | D:2      | Reached skill level 1 in Short Blades
  1321 | D:2      | Reached skill level 1 in Long Blades
  1321 | D:2      | Reached skill level 1 in Axes
  1321 | D:2      | Reached skill level 1 in Maces & Flails
  1321 | D:2      | Reached skill level 1 in Staves
  1321 | D:2      | Reached skill level 1 in Slings
  1321 | D:2      | Reached skill level 1 in Bows
  1321 | D:2      | Reached skill level 1 in Crossbows
  1321 | D:2      | Reached skill level 1 in Throwing
  1321 | D:2      | Reached skill level 1 in Armour
  1321 | D:2      | Reached skill level 1 in Dodging
  1321 | D:2      | Reached skill level 1 in Spellcasting
  1321 | D:2      | Reached skill level 1 in Evocations
  1332 | D:2      | Reached XP level 4. HP: 41/45 MP: 5/5
  1369 | D:2      | Found an opulent altar of Gozag.
  1887 | D:4      | Reached skill level 1 in Conjurations
  1887 | D:4      | Reached skill level 1 in Hexes
  1887 | D:4      | Reached skill level 1 in Charms
  1887 | D:4      | Reached skill level 1 in Summonings
  1887 | D:4      | Reached skill level 1 in Necromancy
  1887 | D:4      | Reached skill level 1 in Translocations
  1887 | D:4      | Reached skill level 1 in Transmutations
  1887 | D:4      | Reached skill level 1 in Fire Magic
  1887 | D:4      | Reached skill level 1 in Ice Magic
  1887 | D:4      | Reached skill level 1 in Air Magic
  1887 | D:4      | Reached skill level 1 in Earth Magic
  1887 | D:4      | Reached skill level 1 in Poison Magic
  1893 | D:4      | Noticed Sigmund
  1902 | D:4      | Noticed an ice beast
  1932 | D:4      | Found a sand-covered staircase.
  1941 | D:4      | Noticed Andry07's ghost (amateur GrFi)
  1945 | Ossuary  | Entered an ossuary
  1963 | Ossuary  | Reached XP level 5. HP: 51/51 MP: 5/7
  2063 | Ossuary  | Reached XP level 6. HP: 57/57 MP: 8/8
  2186 | Ossuary  | Reached skill level 5 in Polearms
  2186 | Ossuary  | Reached skill level 5 in Shields
  2329 | Ossuary  | Reached XP level 7. HP: 24/63 MP: 10/10
  2587 | D:4      | Noticed Pikel
  2639 | D:5      | Entered Level 5 of the Dungeon
  2645 | D:5      | Found Cunomn's Book Emporium.
  3113 | D:4      | Found Nuevat's Armour Emporium.
  3137 | D:4      | Killed Andry07's ghost
  3224 | D:4      | Splashed by Pikel's acid

Skill      XL: |  1  2  3  4  5  6  7 |
---------------+----------------------+-----
Invocations    | 1 2 |  2.9
Short Blades   | 1 2 |  2.6
Long Blades    | 1 2 |  2.6
Axes           | 1 2 |  2.6
Maces & Flails | 1 2 |  2.6
Staves         | 1 2 |  2.6
Slings         | 1 2 |  2.6
Bows           | 1 2 |  2.6
Crossbows      | 1 2 |  2.6
Throwing       | 1 2 |  2.6
Armour         | 1 2 |  2.6
Dodging        | 1 2 |  2.6
Spellcasting   | 1 2 |  2.6
Evocations     | 1 2 |  2.6
Conjurations   | 1 2 |  2.1
Hexes          | 1 2 |  2.1
Charms         | 1 2 |  2.1
Summonings     | 1 2 |  2.1
Necromancy     | 1 2 |  2.1
Translocations | 1 2 |  2.1
Transmutations | 1 2 |  2.1
Fire Magic     | 1 2 |  2.1
Ice Magic      | 1 2 |  2.1
Air Magic      | 1 2 |  2.1
Earth Magic    | 1 2 |  2.1
Poison Magic   | 1 2 |  2.1
Unarmed Combat | 3 |  3.7
Stealth        | 3 |  3.5
Polearms       | 5 |  5.3
Shields        | 5 |  5.3
Fighting       | |  8.9

Action                   |  1- 3 |  4- 6 |  7- 9 || total
-------------------------+-------+-------+-------++-------
Melee: Spear             |   124 |   261 |   162 ||   547
       Bite              |    12 |    30 |    30 ||    72
       Punch             |     1 |     5 |     2 ||     8
Throw: Tomahawk          |       |     1 |     4 ||     5
  Use: Scroll            |       |     5 |     2 ||     7
       Potion            |       |     4 |     3 ||     7
 Stab: Sleeping          |     7 |       |       ||     7
  Eat: Chunk             |     1 |     2 |     2 ||     5
       Ration            |       |     1 |       ||     1
Armor: Robe              |    15 |       |       ||    15
       Chain mail        |    11 |   108 |    92 ||   211
Dodge: Dodged            |    52 |    61 |    50 ||   163
